 Dungeon Crawl Stone Soup version 0.27-a0-1384-g1422d76b99 (webtiles) character file.

Game seed: 8261860937572910499

1892 tsouns the Cleaver (level 8, -17/109 HPs)
             Began as a Demonspawn Chaos Knight on June 30, 2021.
             Was a Plaything of Xom.
             Demolished by an orc knight (21 damage)
             ... in a bailey.
             The game lasted 00:12:29 (6465 turns).

tsouns the Cleaver (Demonspawn Chaos Knight)        Turns: 6465, Time: 00:12:31

Health: -17/109    AC: 24    Str: 17    XL:     8   Next: 93%
Magic:  8/8        EV:  2    Int: 20    God:    Xom [.*....]
Gold:   141        SH: 11    Dex: 20    Spells: 7/7 levels left

rFire    + . .     SeeInvis .   t - +2 trident of Ziomiode {flame, rPois Will+ Str-2 Int+6 Dex+4}
rCold    + . .     Faith    .   o - +0 tower shield
rNeg     + + +     Spirit   .   (armour currently unavailable)
rPois    +         Reflect  .   (helmet currently unavailable)
rElec    +         Harm     .   (cloak currently unavailable)
rCorr    +         Rampage  .   (gloves currently unavailable)
Will     +....     NoTele   +   (boots currently unavailable)
Stlth    ++........             (no amulet)
HPRegen  0.28/turn              d - +4 ring of slaying
MPRegen  0.11/turn              j - +6 ring of dexterity

@: brilliant, tree-form, resistant, attractive
A: stationary, stasis, torment immunity, boosted hp, (talons 2), (icy blue
scales 2), demonic guardian 2, (antennae 1), clumsy 1, robust 1, strong 2,
evolution 2, MP-powered wands
a: Renounce Religion


You were in a bailey.
You worshipped Xom.
You were a plaything of Xom.
You were a tree.
You visited 1 branch of the dungeon, and saw 7 of its levels.
You also visited: Bailey.

You collected 284 gold pieces.
You spent 143 gold pieces at shops.

Inventory:

Hand Weapons
 a - a +1 hand axe of chaos
 i - a +3 dagger
 t - the +2 trident of Ziomiode (weapon) {flame, rPois Will+ Str-2 Int+6 Dex+4}
   (You found it on level 4 of the Dungeon)

   It has been specially enchanted to burn those struck by it, causing extra
   injury to most foes and up to half again as much damage against particularly
   susceptible opponents.
   Str:       It affects your strength (-2).
   Int:       It affects your intelligence (+6).
   Dex:       It affects your dexterity (+4).
   rPois:     It protects you from poison.
   Will:      It increases your willpower.
Missiles
 f - 8 atropa-tipped darts
 m - 9 javelins (quivered)
 n - 5 boomerangs
Armour
 b - a +2 leather armour
 h - a +1 scale mail of poison resistance (melded)
 k - a +1 helmet
 o - a +0 tower shield (worn)
 x - a +0 cloak (melded)
Jewellery
 d - a +4 ring of slaying (left branch)
 j - a +6 ring of dexterity (right branch)
 w - a ring of willpower
Wands
 r - a wand of acid (8)
Scrolls
 c - a scroll of torment
 e - a scroll of enchant weapon
 p - a scroll of teleportation
Potions
 g - a potion of lignification
 s - 3 potions of curing
 v - a potion of mutation
 z - a potion of brilliance


   Skills:
 + Level 7.3 Fighting
 * Level 9.1 Axes
 - Level 1.7 Armour
 - Level 0.8 Dodging


You had 7 spell levels left.
You didn't know any spells.
Your spell library contained the following spells:

 Spells                   Type           Power      Damage    Failure   Level
 Corona                   Hex            0%         N/A       99%         1
 Magic Dart               Conj           0%         1d3       99%         1
 Ensorcelled Hibernation  Hex/Ice        0%         N/A       100%        2
 Searing Ray              Conj           0%         3d3       100%        2
 Confusing Touch          Hex            0%         N/A       100%        3
 Dazzling Flash           Conj/Hex       0%         N/A       100%        3
 Tukima's Dance           Hex            0%         N/A       100%        3
 Fulminant Prism          Conj/Hex       0%         3d6       100%        4
 Iskenderun's Mystic Bla  Conj/Tloc      0%         2d3       100%        4


Dungeon Overview and Level Annotations

Branches:
Dungeon (7/15)             Temple (0/1) D:5          Bailey (1/1)

Altars:
The Shining One

Shops:
D:1 [

Annotations:
D:3 Grinder


Innate Abilities, Weirdness & Mutations

You are a tree.
Your roots penetrate the ground, keeping you stationary.
You cannot be teleported.
You are immune to unholy pain and torment.
Your maximum health is greatly increased.
Your equipment is partially melded.
((You have razor-sharp toenails.))
((You are mostly covered in icy blue scales. (AC +3)))
A demonic guardian rushes to your aid.
((You have a pair of small antennae on your head.))
You are clumsy. (Dex -2)
You are robust. (+10% HP)
Your muscles are very strong. (Str +4)
You rapidly evolve.
You expend magic power (3 MP) to strengthen your wands.


Message History

2 orcs and 2 orc warriors come into view.
The orc warrior shouts!
The orc shouts!
The orc warrior hits you but does no damage.
The orc knight hits you with a +0 bardiche!!
You block the orc knight's attack.
An orc comes into view. It is wielding a +4 trident.
An orc comes into view. It is wielding a +0 hand axe.
The orc warrior is pulled toward you! x2; The orc knight is pulled toward you!
The orc warrior is pulled toward you! The orc is pulled toward you! x4
The orc warrior is pulled toward you! 2 orcs and an orc warrior come into view.
The orc shouts! x2; The orc warrior shouts!
The orc warrior hits you from afar with a +0 glaive!
* * * LOW HITPOINT WARNING * * *
The orc warrior hits you but does no damage.
The orc knight hits you from afar with a +0 glaive!!
You die... "Oh, no, you don't!"
Xom revives you!
The orc knight roars a battlecry!
The orcs go into a battle-frenzy!
The orc knight hits you from afar with a +0 halberd!
* * * LOW HITPOINT WARNING * * *
You block the orc warrior's attack. The orc warrior is pulled toward you!
The orc knight is pulled toward you! x2; The orc is pulled toward you!
The orc knight is pulled toward you! The orc is pulled toward you!
The orc warrior is pulled toward you! The orc is pulled toward you!
Unknown command.
Really quaff the potion of lignification?
Okay, then.
Really quaff the potion of lignification?
You turn into a tree.
Your +0 cloak melds into your body.
Your +1 scale mail of poison resistance melds into your body.
Your roots penetrate the ground.
You block the orc warrior's attack. The orc warrior completely misses you.
You block the orc warrior's attack.
The orc knight roars a battlecry!
The orcs go into a battle-frenzy!
The orc knight hits you from afar with a +0 halberd!!
You die...
Xom roars with laughter!

.......
#.....#
#'''''#
##...o.##
#..ooo..#
#...ooo.#
#..oooo.#
#...♣o..#
#...ooo.#
#....o..#
#..???..#
#..???..#
#..???..#
#.......#
##..∩..##
#######


You could see 4 orc knights, 6 orc warriors and 6 orcs.

Vanquished Creatures
  The ghost of Lauz the Slasher, a novice MiFi of Okawaru (D:6)
  A necrophage (D:5)
  A boggart (D:3)
  A centaur (D:5)
  An ogre (D:4)
  A scorpion (D:6)
  A water moccasin zombie (D:6)
  2 water moccasin skeletons
  5 wights (D:6)
  A centaur zombie (D:5)
  A hound (D:6)
  2 orc priests (D:5)
  A bullfrog skeleton (D:5)
  Natasha (thrice) (D:4)
  2 iguanas
  7 orc wizards
  A killer bee zombie (D:5)
  2 hound skeletons
  A gnoll (D:3)
  A howler monkey skeleton (D:4)
  6 adders
  A shadow imp (D:5)
  An adder zombie (D:5)
  A worm (D:2)
  3 dart slugs
  15 orcs
  5 bats
  4 endoplasms
  5 giant cockroaches
  13 goblins
  12 hobgoblins
  8 kobolds
  8 quokkas
  12 ball pythons
  3 frilled lizards
  8 rats
141 creatures vanquished.

Vanquished Creatures (collateral kills)
  An orc warrior (D:6)
  2 orc priests
  An orc wizard (D:4)
  Robin (D:4)
  An adder (D:5)
  2 gnolls (D:3)
  A worm (D:5)
  4 orcs
  A goblin (D:3)
  A hobgoblin (D:3)
  A ball python (D:3)
16 creatures vanquished.

Grand Total: 157 creatures vanquished

Notes
Turn   | Place    | Note
-------+----------+-------------------------------------------
     0 | D:1      | tsouns the Demonspawn Chaos Knight began the quest for the
                  | Orb.
     0 | D:1      | Reached XP level 1. HP: 18/18 MP: 1/1
    65 | D:1      | XOM: silly message
   217 | D:1      | Reached skill level 3 in Axes
   217 | D:1      | Gained mutation: You are partially covered in icy blue
                  | scales. (AC +2) [demonic ancestry]
   217 | D:1      | Reached XP level 2. HP: 18/24 MP: 2/2
   245 | D:1      | XOM: 7-stop teleportation journey
   309 | D:1      | You fall into a shaft and drop 1 floor!
   310 | D:2      | Found a faded altar of an unknown god.
   385 | D:2      | XOM: summons 3 hostile shadow creatures
   410 | D:3      | XOM: 2-stop teleportation journey
   615 | D:2      | Gained mutation: You have sharp toenails. [demonic
                  | ancestry]
   615 | D:2      | Reached XP level 3. HP: 29/29 MP: 3/3
   682 | D:2      | XOM: give mutations
   682 | D:2      | Gained mutation: You are dopey. (Int -2) [Xom's mischief]
   682 | D:2      | Gained mutation: You have an increased reservoir of magic.
                  | (+10% MP) [Xom's mischief]
   682 | D:2      | Gained mutation: You sometimes lose the ability to read
                  | scrolls when taking damage. [Xom's mischief]
   682 | D:2      | Gained mutation: You are frail. (-10% HP) [Xom's mischief]
   797 | D:2      | XOM: divination: detect items
   997 | D:2      | XOM: divination: detect items
  1070 | D:2      | XOM: summons 2 hostile demons
  1227 | D:2      | XOM: silly message
  1321 | D:2      | XOM: give mutations
  1321 | D:2      | Lost mutation: You are frail. (-10% HP) [Xom's mischief]
  1321 | D:2      | Gained mutation: You are clumsy. (Dex -2) [Xom's mischief]
  1321 | D:2      | Gained mutation: You occasionally shout uncontrollably at
                  | your foes. [Xom's mischief]
  1646 | D:3      | XOM: polymorph rat -> frilled lizard
  1679 | D:3      | Noticed Grinder
  1965 | D:1      | XOM: god gift: scroll labelled CEUHOL FEFROEGG {god gift}
  2008 | D:1      | Reached skill level 4 in Axes
  2008 | D:1      | Reached XP level 4. HP: 37/37 MP: 4/4
  2087 | D:1      | Found Luzxakh's Armour Shoppe.
  2095 | D:1      | Bought a +1 scale mail of poison resistance for 143 gold
                  | pieces
  2120 | D:1      | XOM: 3-stop teleportation journey
  2326 | D:1      | XOM: divination: magic mapping
  2447 | D:3      | XOM: blink monster(s)
  2765 | D:4      | Noticed a scorpion
  2767 | D:4      | Noticed an ogre
  2767 | D:4      | a scorpion changed into an ogre
  2768 | D:4      | Killed an ogre
  2769 | D:4      | Reached skill level 5 in Axes
  2769 | D:4      | Gained mutation: A weak demonic guardian rushes to your
                  | aid. [demonic ancestry]
  2769 | D:4      | Reached XP level 5. HP: 24/43 MP: 5/5
  2872 | D:4      | XOM: give mutations
  2872 | D:4      | Gained mutation: You are covered in fur. (AC +1) [Xom's
                  | grace]
  2872 | D:4      | Gained mutation: You evolve. [Xom's grace]
  2872 | D:4      | Gained mutation: Your flesh is cold resistant. (rC+) [Xom's
                  | grace]
  3051 | D:4      | XOM: scenery: 1 doors close
  3128 | D:4      | Noticed Robin
  3132 | D:4      | XOM: cast spell 'Death Channel'
  3148 | D:4      | Killed Robin
  3196 | D:4      | Gained mutation: You are mostly covered in icy blue scales.
                  | (AC +3) [demonic ancestry]
  3196 | D:4      | Reached XP level 6. HP: 38/49 MP: 6/6
  3362 | D:4      | Noticed Eustachio
  3368 | D:4      | Noticed Natasha
  3374 | D:4      | Killed Natasha
  3387 | D:4      | XOM: confusion
  3395 | D:4      | XOM: enchant monster (bad)
  3397 | D:4      | XOM: confusion
  3406 | D:4      | Noticed Natasha
  3648 | D:3      | Gained mutation: Your body sometimes deteriorates upon
                  | taking damage. [evolution]
  3729 | D:4      | Noticed Eustachio
  3729 | D:4      | Eustachio changed into Eustachio the boggart
  3729 | D:4      | XOM: polymorph Eustachio -> Eustachio the boggart
  3750 | D:4      | Killed Natasha
  3760 | D:3      | Killed Eustachio the boggart
  3761 | D:3      | Reached skill level 5 in Fighting
  3761 | D:3      | Reached skill level 6 in Axes
  3982 | D:4      | XOM: give mutations
  3982 | D:4      | Lost mutation: You occasionally shout uncontrollably at
                  | your foes. [Xom's mischief]
  3982 | D:4      | Lost mutation: Your body sometimes deteriorates upon taking
                  | damage. [Xom's mischief]
  3982 | D:4      | Lost mutation: You have an increased reservoir of magic.
                  | (+10% MP) [Xom's mischief]
  4088 | D:4      | Noticed Natasha
  4093 | D:4      | Killed Natasha
  4193 | D:4      | Identified the +2 trident of Ziomiode {flame, rPois Will+
                  | Str-2 Int+6 Dex+4}
  4211 | D:5      | Entered Level 5 of the Dungeon
  4222 | D:5      | Found a staircase to the Ecumenical Temple.
  4232 | D:5      | XOM: 3-stop teleportation journey
  4241 | D:5      | Gained mutation: You have razor-sharp toenails. [demonic
                  | ancestry]
  4241 | D:5      | Reached XP level 7. HP: 56/56 MP: 7/7
  4339 | D:5      | XOM: enchant monster (good)
  4366 | D:5      | XOM: cast spell 'Summon Horrible Things'
  4390 | D:5      | Reached skill level 7 in Axes
  4572 | D:5      | XOM: divination: detect items
  4666 | D:5      | XOM: give mutation
  4666 | D:5      | Gained mutation: Your muscles are strong. (Str +2) [Xom's
                  | grace]
  4797 | D:5      | XOM: give mutations
  4797 | D:5      | Gained mutation: You rapidly evolve. [Xom's grace]
  4797 | D:5      | Gained mutation: You are robust. (+10% HP) [Xom's grace]
  4797 | D:5      | Gained mutation: Your muscles are very strong. (Str +4)
                  | [Xom's grace]
  4797 | D:5      | Gained mutation: You expend magic power (3 MP) to
                  | strengthen your wands. [Xom's grace]
  5085 | D:6      | XOM: cloud trail
  5172 | D:6      | Gained mutation: A demonic guardian rushes to your aid.
                  | [demonic ancestry]
  5172 | D:6      | Reached XP level 8. HP: 51/69 MP: 8/8
  5187 | D:6      | Found a runed translucent door.
  5187 | D:6      | XOM: 3-stop teleportation journey
  5188 | D:6      | Noticed Lauz's ghost (novice MiFi)
  5516 | D:6      | XOM: cloud trail
  5783 | D:6      | XOM: silly message
  5796 | D:6      | Reached skill level 8 in Axes
  5996 | D:6      | XOM: noise
  6082 | D:6      | Lost mutation: You sometimes lose the ability to read
                  | scrolls when taking damage. [evolution]
  6360 | D:6      | Killed Lauz's ghost
  6361 | D:6      | Reached skill level 9 in Axes
  6382 | D:6      | XOM: god gift: plate armour {god gift}
  6425 | D:7      | Found a flagged portal.
  6441 | Bailey   | Entered a bailey
  6447 | Bailey   | Lost mutation: Your flesh is cold resistant. (rC+) [potion
                  | of mutation]
  6447 | Bailey   | Lost mutation: You are dopey. (Int -2) [potion of mutation]
  6447 | Bailey   | Lost mutation: You are covered in fur. (AC +1) [potion of
                  | mutation]
  6447 | Bailey   | Gained mutation: You have a pair of small antennae on your
                  | head. [potion of mutation]
  6461 | Bailey   | Noticed an orc knight
  6461 | Bailey   | Noticed an orc knight
  6461 | Bailey   | Noticed an orc knight
  6462 | Bailey   | XOM: noise
  6462 | Bailey   | Noticed an orc knight
  6464 | Bailey   | Xom revived you
  6464 | Bailey   | HP: 2/73 [orc knight (14)]
  6465 | Bailey   | Demolished by an orc knight

Illustrated notes

Levels and vault maps discovered:
D:1:      minmay_arrival_four_houses, layout_loops_ring, serial_shops,
          nicolae_shop_statue_plus
D:2:      layout_basic, basic_ecumenical_altar, basic_altar, minmay_cut_off
D:3:      layout_rooms, uniq_grinder
D:4:      layout_basic, uniq_robin, uniq_natasha, uniq_eustachio
D:5:      layout_cave_pools, temple_green, kennysheep_generic_room_11
D:6:      minmay_flawed_box, layout_loops_ring, hellmonk_ghost_happy_afterlife
D:7:      layout_cave_pools, enter_bailey_2
Bailey:   bailey_polearm_5, bailey

Skill      XL: |  1  2  3  4  5  6  7  8 |
---------------+-------------------------+-----
Axes           | 3 4 5 6 7 9 |  9.1
Fighting       | 4 5 6 7 |  7.3
Armour         | |  1.7
Dodging        | |  0.8

Action                   |  1- 3 |  4- 6 |  7- 9 || total
-------------------------+-------+-------+-------++-------
Melee: Hand axe          |   152 |   151 |       ||   303
       Kick              |    17 |    21 |    43 ||    81
       Trident           |       |     3 |   120 ||   123
  Use: Potion            |     2 |     1 |     8 ||    11
       Scroll            |       |     7 |     5 ||    12
 Stab: Paralysed         |     5 |       |     3 ||     8
Armor: Leather armour    |    50 |     1 |       ||    51
       Scale mail        |       |    89 |    81 ||   170
Dodge: Dodged            |   109 |    87 |    24 ||   220
Block: Tower shield      |       |    19 |    77 ||    96

Table legend: (Time is in decaauts)
 A = Elapsed time spent in this place.
 B = Non-inter-level travel time spent in this place.
 C = Inter-level travel time spent in this place.
 D = Time resting spent in this place.
 E = Time spent auto-exploring this place.
 F = Levels seen in this place.
 G = Mean time per level.
                   A        B        C        D        E       F      G
               +--------+--------+--------+--------+--------+-----+--------+
         Total |   6577 |   6444 |    133 |      0 |   5135 |   8 |  822.1 |
       Dungeon |   6550 |   6417 |    133 |      0 |   5133 |   7 |  935.7 |
        Bailey |     26 |     26 |      0 |      0 |      2 |   1 |   26.0 |
               +--------+--------+--------+--------+--------+-----+--------+

Top non-repeatable levels by time:
     D:6: 1434 daAuts
     D:2: 1351 daAuts
     D:4: 1196 daAuts
     D:1: 952 daAuts
     D:5: 847 daAuts
     D:3: 753 daAuts
  Bailey: 26 daAuts
     D:7: 15 daAuts
